 Dungeon Sprint DCSS version 0.26-a0-818-g75db068ed4 (webtiles) character file.

Game seed: 6529146065308194192

130 rocky1 the Frost Mage (level 5, -7/28 HPs)
             Began as a Gargoyle Ice Elementalist on Nov 15, 2020.
             Was a Believer of Sif Muna.
             Killed from afar by a deep elf mage (19 damage)
             ... with a bolt of negative energy
             ... in the Dungeon (Sprint VII: "The Pits").
             The game lasted 00:04:09 (733 turns).

rocky1 the Frost Mage (Gargoyle Ice Elementalist)    Turns: 733, Time: 00:04:10

Health: -7/28      AC: 13    Str: 12    XL:     5   Next: 14%
Magic:  5/12       EV: 13    Int: 16    God:    Sif Muna [**....]
Gold:   0          SH:  0    Dex: 10    Spells: 2/13 levels left

rFire    . . .     SeeInvis .   m - +0 mace (vorpal)
rCold    . . .     Faith    .   (no shield)
rNeg     + . .     Spirit   .   a - +0 robe
rPois    ∞         Reflect  .   (no helmet)
rElec    +         Harm     .   (no cloak)
rCorr    .         Rampage  .   (no gloves)
MR       .....     NoTele   +   (no boots)
Stlth    ++........             (no amulet)
HPRegen  0.09/turn              (no ring)
MPRegen  0.13/turn              (no ring)

@: icy armour, frozen ramparts, lightly drained
A: negative energy resistance 1, electricity resistance, unbreathing,
petrification resistance, rot immunity, AC +4
a: Channel Magic, Renounce Religion


You were in the Dungeon.
You worshipped Sif Muna.
Sif Muna was pleased with you.
You visited 1 branch

Inventory:

Hand Weapons
 m - a +0 vorpal mace (weapon)
Armour
 a - a +0 robe (worn)
Scrolls
 h - a scroll of blinking
 j - 3 scrolls of remove curse
 k - 5 scrolls of amnesia
 l - a scroll of summoning
Potions
 c - 6 potions of curing
 d - 6 potions of heal wounds
 e - a potion of haste
 f - 4 potions of magic
 g - 3 potions of berserk rage
 i - 2 potions of invisibility


   Skills:
 + Level 4.3(3.9) Dodging
 - Level 2.1(1.8) Stealth
 + Level 4.8(4.4) Spellcasting
 * Level 8.0(7.6) Ice Magic


You had 2 spell levels left.
You knew the following spells:

 Your Spells              Type           Power        Failure   Level
a - Freeze                Ice            ####         1%          1
b - Frozen Ramparts       Ice            ####..       1%          3
c - Ozocubu's Armour      Ice            ####....     1%          3
d - Hailstorm             Conj/Ice       ###.....     32%         4

Your spell library contained the following spells:

 Spells                   Type           Power        Failure   Level
 Summon Ice Beast         Ice/Summ       ###.....     32%         4


Dungeon Overview and Level Annotations

Branches:
Dungeon (1/1)

Altars:
Ashenzari
Cheibriados
Dithmenos
Elyvilon
Fedhas
Gozag
Hepliaklqana
Kikubaaqudgha
Makhleb
Nemelex Xobeh
Okawaru
Qazlal
Ru
Sif Muna
Trog
Uskayaw
Vehumet
Wu Jian
Xom
Yredelemnul
Zin
The Shining One
Beogh
Jiyva
Lugonu


Innate Abilities, Weirdness & Mutations

You are resistant to torment.
Your stone body is resilient. (AC +4)
You are immune to poison.
You resist negative energy. (rN+)
You are resistant to electric shocks. (rElec)
You can survive without breathing.
You are immune to petrification.
You are immune to rotting.


Message History

Confirm with . or Enter, or press ? or * to list all spells.
Aiming: Freeze (safe; 1% risk of failure)
Press: ? - help, Shift-Dir - straight line, f - deep elf mage
Aim: a deep elf mage, wielding a +0 rapier and wearing a +0 leather armour (severely wounded)
You freeze the deep elf mage!
The deep elf mage is severely wounded.
The wall freezes the deep elf mage.
The deep elf mage hits you but does no damage.
Casting: Freeze (safe; 1% risk of failure)
Confirm with . or Enter, or press ? or * to list all spells.
Aiming: Freeze (safe; 1% risk of failure)
Press: ? - help, Shift-Dir - straight line, f/p - deep elf mage
Aim: a deep elf mage, wielding a +0 rapier and wearing a +0 leather armour (severely wounded)
You freeze the deep elf mage.
The deep elf mage is almost dead.
The wall freezes the deep elf mage.
The deep elf mage points at you and mumbles some strange words.
The bolt of negative energy hits you!! You partially resist.
You feel drained.
Ouch! That really hurt!
You die...

#'#####÷#####.....
#.#..#...'.##.....
#.#..#...#.#####'#
#.#..#####.##.....
#.#..'...#.##.....
#.#..'..)).##.....
#.#..########...<.
#.#†.'.)))[##.....
#@#..#.)))[##.....
#e###########.....
#......r# ######
#.###...# #.# .#
#.# #.. #.. #..


You could see a deep elf mage.

Vanquished Creatures
  A floating eye (D)
  A gnoll (D)
  A river rat (D)
  An orc (D)
  2 giant cockroaches (D)
  3 jackals (D)
  A ball python (D)
  A quokka skeleton (D)
11 creatures vanquished.

Notes
Turn   | Place    | Note
-------+----------+-------------------------------------------
     0 | D        | rocky1 the Gargoyle Ice Elementalist began the quest for
                  | the Orb.
     0 | D        | Reached XP level 1. HP: 10/10 MP: 3/3
   291 | D        | Found a bloodstained altar of Trog.
   291 | D        | Found a shimmering blue altar of Sif Muna.
   291 | D        | Found a viscous altar of Jiyva.
   291 | D        | Found a hazy altar of Hepliaklqana.
   291 | D        | Found an opulent altar of Gozag.
   292 | D        | Found a glowing golden altar of the Shining One.
   292 | D        | Found a glowing silver altar of Zin.
   292 | D        | Found a basalt altar of Yredelemnul.
   292 | D        | Found a shimmering altar of Xom.
   292 | D        | Found an ornate altar of the Wu Jian Council.
   292 | D        | Found a sacrificial altar of Ru.
   292 | D        | Found a stormy altar of Qazlal.
   292 | D        | Found an iron altar of Okawaru.
   292 | D        | Found a sparkling altar of Nemelex Xobeh.
   292 | D        | Found a burning altar of Makhleb.
   292 | D        | Found a blossoming altar of Fedhas.
   292 | D        | Found a white marble altar of Elyvilon.
   292 | D        | Found a shadowy altar of Dithmenos.
   292 | D        | Found a snail-covered altar of Cheibriados.
   295 | D        | Found a corrupted altar of Lugonu.
   295 | D        | Found a radiant altar of Vehumet.
   295 | D        | Found a roughly hewn altar of Beogh.
   296 | D        | Found an ancient bone altar of Kikubaaqudgha.
   296 | D        | Found a hide-covered altar of Uskayaw.
   296 | D        | Found a broken altar of Ashenzari.
   297 | D        | Became a worshipper of Sif Muna the Loreminder
   312 | D        | Reached skill level 5 in Ice Magic
   312 | D        | Reached XP level 2. HP: 15/15 MP: 1/5
   379 | D        | Reached * piety under Sif Muna
   497 | D        | Reached ** piety under Sif Muna
   498 | D        | Reached XP level 3. HP: 11/19 MP: 1/7
   634 | D        | Noticed a floating eye
   641 | D        | Paralysed by a floating eye for 2 turns
   644 | D        | Killed a floating eye
   645 | D        | Reached skill level 8 in Ice Magic
   645 | D        | Reached XP level 4. HP: 24/24 MP: 7/10
   645 | D        | Reached XP level 5. HP: 28/28 MP: 8/12
   697 | D        | Learned a level 3 spell: Frozen Ramparts
   701 | D        | Learned a level 3 spell: Ozocubu's Armour
   706 | D        | Learned a level 4 spell: Hailstorm
   717 | D        | Noticed a deep elf mage
   733 | D        | Killed from afar by a deep elf mage

Illustrated notes

Levels and vault maps discovered:
D:        pitsprint [storerooms_1, entrance_room_1, metal_vault_5, armoury_1,
          mini_pit_1, grid_room_1, main_hall_1, silver_pit, the_coven_1,
          the_vestibule_1, steel_vault_3, golden_pit, hallway_of_sentries,
          crystal_vault_2, iron_vault_3, final_vault]

Skill      XL: |  1  2  3 |
---------------+----------+-----
Dodging        | 2 4 |  4.3
Ice Magic      | 5 8 |  8.0
Spellcasting   | 3 4 |  4.8
Stealth        | |  2.1

Action                   |  1- 3 |  4- 6 || total
-------------------------+-------+-------++-------
Melee: Unarmed           |    13 |       ||    13
       Mace              |     8 |     3 ||    11
 Cast: Freeze            |    10 |     2 ||    12
       Ozocubu's Armour  |       |     1 ||     1
       Frozen Ramparts   |       |     1 ||     1
 Stab: Sleeping          |     1 |       ||     1
Armor: Robe              |     8 |     1 ||     9
Dodge: Dodged            |    20 |     3 ||    23

Table legend: (Time is in decaauts)
 A = Elapsed time spent in this place.
 B = Non-inter-level travel time spent in this place.
 C = Inter-level travel time spent in this place.
 D = Time resting spent in this place.
 E = Time spent auto-exploring this place.
 F = Levels seen in this place.
 G = Mean time per level.
                   A        B        C        D        E       F      G
               +--------+--------+--------+--------+--------+-----+--------+
         Total |    736 |    736 |      0 |    506 |      0 |   1 |  736.0 |
       Dungeon |    736 |    736 |      0 |    506 |      0 |   1 |  736.0 |
               +--------+--------+--------+--------+--------+-----+--------+

Top non-repeatable levels by time:
       D: 736 daAuts
